 Dungeon Crawl Stone Soup version 0.29-a0-1047-g7c58e119a4 (webtiles) character file.

Game seed: 2486708247171655949

234 greasedhog the Ruffian (level 6, 0/34 HPs)
             Began as a Gargoyle Transmuter on Aug 17, 2022.
             Slain by a lemure (5 damage)
             ... led by Pikel
             ... on level 4 of the Dungeon.
             The game lasted 00:04:35 (3103 turns).

greasedhog the Ruffian (Gargoyle Transmuter)        Turns: 3103, Time: 00:04:35

Health: 0/34       AC:  7    Str: 16    XL:     6   Next: 5%
Magic:  0/9        EV: 11    Int: 13    God:
Gold:   165        SH:  0    Dex: 10    Spells: 3/9 levels left

rFire   . . .      SeeInvis .     - Unarmed
rCold   . . .      Faith    .   (no shield)
rNeg    + . .      Spirit   +   a - +0 robe
rPois   ∞          Reflect  .   (helmet currently unavailable)
rElec   +          Harm     .   (no cloak)
rCorr   .          Rampage  .   m - +0 pair of gloves
Will    .....                   (boots currently unavailable)
Stlth   +.........              g - amulet of guardian spirit
HPRegen 0.11/turn               (no ring)
MPRegen 0.11/turn               (no ring)

@: about to teleport, appendages (expiring), wereblooded
A: horns 2, talons 2, sickness immunity, AC +4, negative energy resistance 1,
electricity resistance, torment resistance 1, petrification resistance
a: End Transformation


You were on level 4 of the Dungeon.
You had temporarily grown beastly horns and talons.
You visited 1 branch of the dungeon, and saw 4 of its levels.

You collected 165 gold pieces.

Inventory:

Armour
 a - a +0 robe (worn)
 m - a +0 pair of gloves (worn)
Jewellery
 g - an amulet of guardian spirit (around neck)
 h - an amulet of faith
 n - the amulet of Tomorrow {RegenMP *Corrode Fly rElec SInv}
   (You found it on level 3 of the Dungeon)

   [amulet of magic regeneration]

   It increases your rate of magic regeneration.
   rElec:     It insulates you from electricity.
   SInv:      It lets you see invisible.
   Fly:       It grants you flight.
   *Corrode:  It may corrode you when you take damage.
 o - a ring of resist corrosion
Wands
 p - a wand of charming (10)
Scrolls
 b - 2 scrolls of identify
 c - 2 scrolls of teleportation
 j - a scroll of immolation {unknown}
 l - 2 scrolls of magic mapping {unknown}
Potions
 d - a potion of curing {unknown}
 e - a potion of magic {unknown}
 f - a potion of might {unknown}
 k - a potion of attraction {unknown}


   Skills:
 - Level 1.1 Fighting
 - Level 1.5 Dodging
 * Level 5.0 Unarmed Combat
 - Level 2.0 Spellcasting
 * Level 3.7 Transmutations


You had 3 spell levels left.
You knew the following spells:

 Your Spells              Type           Power      Damage    Failure   Level
a - Beastly Appendage     Tmut           20%        N/A       5%          1
b - Wereblood             Tmut           10%        N/A       9%          2
c - Spider Form           Tmut/Pois      6%         N/A       34%         3

Your spell library contained the following spells:

 Spells                   Type           Power      Damage    Failure   Level
 Ice Form                 Ice/Tmut       6%         N/A       75%         4


Dungeon Overview and Level Annotations

Branches:
Dungeon (4/15)
 Temple: D:4-7

Altars:

Annotations:
D:4 Pikel


Innate Abilities, Weirdness & Mutations

You have temporarily grown beastly horns and talons.
You are immune to sickness and miasma.
Your stone body is resilient. (AC +4)
You are immune to poison.
You resist negative energy. (rN+)
You are resistant to electric shocks. (rElec)
You are resistant to unholy torment.
You are immune to petrification.


Message History

Casting: Beastly Appendage (safe; 5% risk of failure)
Confirm with . or Enter, or press ? or * to list all spells.
Your blood is infused with primal strength.
The lemure barely misses you. Pikel barely misses you.
You grow a pair of large bovine horns.
Your feet morph into talons.
Pikel hits you with a +2 whip of freezing.
Pikel freezes you. The lemure closely misses you. The lemure hits you.
You hit Pikel.
Pikel is lightly wounded.
You barely miss Pikel.
Pikel is lightly wounded.
Your transformation is almost over.
Pikel hits you with a +2 whip of freezing!
Pikel freezes you. The lemure hits you but does no damage.
You closely miss Pikel.
Pikel is lightly wounded.
Pikel closely misses you. The lemure barely misses you.
A ball python comes into view.
You barely miss Pikel. You claw Pikel, but do no damage.
Pikel is lightly wounded.
The lemure hits you. Pikel hits you but does no damage. The lemure hits you!
The lemure hits you but does no damage. The lemure hits you!
* * * LOW HITPOINT WARNING * * *
As you read the scroll labelled SAECISKUESI, it crumbles to dust.
It is a scroll of identify.
c - 3 scrolls of teleportation Pikel hits you but does no damage.
The lemure hits you but does no damage. x3
The lemure closely misses you.
As you read the scroll of teleportation, it crumbles to dust.
You feel strangely unstable. The lemure barely misses you.
Pikel barely misses you. The lemure barely misses you.
A kobold comes into view. It is wielding a +0 hand axe.
The lemure hits you but does no damage. The lemure hits you.
* * * LOW HITPOINT WARNING * * *
As you read the scroll labelled XOAGYDWAGU, it crumbles to dust.
It is a scroll of enchant weapon.
You aren't carrying any weapons that can be enchanted.
Pikel hits you but does no damage. The lemure closely misses you.
The lemure hits you!
You die...

#.
#..K#######
#..5@5..#
##.55K..#
##.S...#
#.>...#
......#
##.....#
#######


You could see Pikel, 4 lemures, a ball python and a kobold.

Vanquished Creatures
  A black bear (D:2)
  An orc priest (D:3)
  6 adders
  A worm (D:3)
  5 orcs (D:3)
  2 endoplasms (D:2)
  A giant cockroach (D:1)
  4 goblins
  7 hobgoblins
  4 quokkas
  7 ball pythons
  5 bats
  5 frilled lizards
  5 kobolds
  5 rats
59 creatures vanquished.

Notes
Turn   | Place    | Note
-------+----------+-------------------------------------------
     0 | D:1      | greasedhog the Gargoyle Transmuter began the quest for the
                  | Orb.
     0 | D:1      | Reached XP level 1. HP: 12/12 MP: 3/3
   340 | D:1      | Reached XP level 2. HP: 14/16 MP: 1/5
   390 | D:1      | Found a faded altar of an unknown god.
   633 | D:1      | Learned a level 2 spell: Wereblood
   917 | D:2      | Reached XP level 3. HP: 20/20 MP: 2/6
  1072 | D:2      | Noticed a black bear
  1130 | D:2      | Killed a black bear
  1131 | D:2      | Reached skill level 4 in Unarmed Combat
  1131 | D:2      | Reached XP level 4. HP: 16/25 MP: 0/7
  1131 | D:2      | Reached XP level 5. HP: 19/29 MP: 0/8
  1150 | D:2      | Learned a level 3 spell: Spider Form
  2581 | D:3      | Reached skill level 5 in Unarmed Combat
  2708 | D:3      | Reached XP level 6. HP: 32/34 MP: 6/9
  2907 | D:3      | Identified the amulet of Tomorrow {RegenMP *Corrode Fly
                  | rElec SInv}
  3094 | D:4      | Noticed Pikel
  3103 | D:4      | Slain by a lemure

Illustrated notes

Levels and vault maps discovered:
D:1:      wander_arrival_fairy_ring, layout_basic,
          dreamdust_ecumenical_altar_statues
D:2:      layout_loops_cross, serial_co_window_serial, co_window_paths_a,
          co_window_of_opportunity_a, co_window_of_opportunity_a,
          co_window_paths_a, co_window_corner_a, co_window_corner_a,
          co_window_paths_a, co_window_of_opportunity_b, co_window_2corner,
          co_window_corner_b, co_window_corner_cb, co_window_of_opportunity_b,
          co_window_paths_e, co_window_sun, glass_columns_a, glass_columns_b
D:3:      layout_basic
D:4:      layout_rooms, mainiacjoe_overflow_boulevard,
          nicolae_shop_overcharged_wands, uniq_pikel

Skill      XL: |  1  2  3  4  5 |
---------------+----------------+-----
Transmutations | 2 3 |  3.7
Unarmed Combat | 4 5 |  5.0
Fighting       | |  1.1
Dodging        | |  1.5
Spellcasting   | |  2.0

Action                   |  1- 3 |  4- 6 || total
-------------------------+-------+-------++-------
Melee: Unarmed           |    71 |    76 ||   147
       Kick              |     6 |    11 ||    17
       Headbutt          |     6 |    10 ||    16
       Punch             |     2 |     2 ||     4
 Cast: Beastly Appendage |    13 |    25 ||    38
       Wereblood         |     4 |     5 ||     9
  Use: Potion            |     1 |       ||     1
       Scroll            |       |     3 ||     3
 Stab: Sleeping          |     1 |       ||     1
Armor: Robe              |    20 |    42 ||    62
       Skin              |     9 |       ||     9
Dodge: Dodged            |    36 |    48 ||    84

Table legend: (Time is in decaauts)
 A = Elapsed time spent in this place.
 B = Non-inter-level travel time spent in this place.
 C = Inter-level travel time spent in this place.
 D = Time resting spent in this place.
 E = Time spent auto-exploring this place.
 F = Levels seen in this place.
 G = Mean time per level.
                   A        B        C        D        E       F      G
               +--------+--------+--------+--------+--------+-----+--------+
         Total |   3092 |   2990 |    102 |     12 |   2549 |   4 |  773.0 |
       Dungeon |   3092 |   2990 |    102 |     12 |   2549 |   4 |  773.0 |
               +--------+--------+--------+--------+--------+-----+--------+

Top non-repeatable levels by time:
     D:2: 1627 daAuts
     D:3: 735 daAuts
     D:1: 720 daAuts
     D:4: 8 daAuts
